 Dungeon Crawl Stone Soup version 0.29-a0-334-gb41bcbb86e (webtiles) character file.

Game seed: 14233416593348081234

899 GigaChad the Slasher (level 7, -3/62 HPs)
             Began as a Minotaur Fighter on Apr 13, 2022.
             Was a High Priest of Ignis.
             Slain by an iguana (7 damage)
             ... on level 5 of the Dungeon.
             The game lasted 00:14:17 (4107 turns).

GigaChad the Slasher (Minotaur Fighter)             Turns: 4107, Time: 00:14:18

Health: -3/62      AC:  7    Str: 21    XL:     7   Next: 79%
Magic:  0/15       EV: 10    Int:  5    God:    Ignis [*****.]
Gold:   77         SH:  5    Dex: 11    Spells: 6/6 levels left

rFire   + . .      SeeInvis .   A - +7 long sword of Inkiuxki {freeze, +Blink}
rCold   + . .      Faith    .   c - +0 buckler
rNeg    . . .      Spirit   +   b - +0 scale mail
rPois   .          Reflect  .   (helmet restricted)
rElec   .          Harm     .   (no cloak)
rCorr   .          Rampage  .   (no gloves)
Will    .....                   (no boots)
Stlth   ..........              n - amulet of guardian spirit
HPRegen 0.20/turn               f - ring of protection from cold
MPRegen 0.14/turn               o - ring of magical power

@: no status effects
A: horns 2, retaliatory headbutt
a: Renounce Religion, Evoke Blink, Fiery Armour, Foxfire Swarm, Rising Flame


You were on level 5 of the Dungeon.
You worshipped Ignis.
Ignis was extremely pleased with you.
You visited 1 branch of the dungeon, and saw 5 of its levels.

You collected 238 gold pieces.
You spent 161 gold pieces at shops.

Inventory:

Hand Weapons
 a - a +0 vampiric long sword
 q - a +0 dagger of venom
 A - the +7 long sword of Inkiuxki (weapon) {freeze, +Blink}
   (You bought it in a shop on level 5 of the Dungeon)

   It freezes those it strikes, dealing additional cold damage.
   It can also slow down cold-blooded creatures.
   +Blink:    It lets you blink.
Armour
 b - a +0 scale mail (worn)
 c - a +0 buckler (worn)
 h - a +0 scale mail
Jewellery
 f - a ring of protection from cold (left hand)
 k - a ring of protection from cold
 n - an amulet of guardian spirit (around neck)
 o - a ring of magical power (right hand)
 C - an amulet of the acrobat
Scrolls
 i - a scroll of fear
 l - 2 scrolls of teleportation
 m - 5 scrolls of identify
 r - 3 scrolls of noise
 v - a scroll of vulnerability {unknown}
 x - a scroll of enchant weapon {unknown}
 y - a scroll of amnesia {unknown}
 z - a scroll of blinking {unknown}
 B - a scroll of immolation {unknown}
 E - a scroll of holy word {unknown}
Potions
 d - a potion of might
 e - a potion of mutation {unknown}
 g - 3 potions of heal wounds {unknown}
 j - a potion of flight {unknown}
 p - a potion of attraction {unknown}
 s - a potion of haste {unknown}
 t - a potion of curing {unknown}
 u - a potion of degeneration {unknown}
 w - a potion of magic {unknown}
 D - a potion of lignification {unknown}


   Skills:
 + Level 5.7 Fighting
 + Level 6.6 Long Blades
 + Level 6.2 Armour
 + Level 2.6 Dodging
 + Level 1.2 Stealth
 + Level 5.2 Shields


You had 6 spell levels left.
You didn't know any spells.
Your spell library contained the following spells:

 Spells                   Type           Power      Damage    Failure   Level
 Frozen Ramparts          Ice            0%         1d2       99%         3
 Ice Form                 Ice/Tmut       0%         N/A       100%        4
 Summon Ice Beast         Ice/Summ       0%         N/A       100%        4


Dungeon Overview and Level Annotations

Branches:
Dungeon (5/15)
 Temple: D:4-7

Altars:
Ashenzari
Dithmenos
Hepliaklqana
Makhleb
Okawaru
Yredelemnul
The Shining One
Ignis

Shops:
D:3 [   D:5 *


Innate Abilities, Weirdness & Mutations

You have a pair of horns on your head.
You reflexively headbutt those who attack you in melee.


Message History

You slash the gnoll! You freeze the gnoll.
You kill the gnoll!
The gnoll barely misses you.
An iguana comes into view.
You block the gnoll's attack. x2
The iguana hisses angrily.
You block the gnoll's attack. x2
Items here: )) [ †.
You slash the iguana! You freeze the iguana.
The iguana is heavily wounded.
You block the gnoll's attack. The iguana bites you!
The gnoll hits you with a +0 whip. The gnoll closely misses you.
You furiously retaliate!
You headbutt the gnoll! You slash the iguana! You freeze the iguana.
You kill the iguana!
The gnoll hits you with a +0 halberd. The gnoll hits you with a +0 whip.
The gnoll barely misses you. The gnoll hits you with a +0 halberd.
The gnoll misses you.
You hit the iguana.
The iguana seems to slow down.
You freeze the iguana. Your headbutt misses the iguana.
The iguana is lightly wounded.
The gnoll hits you but does no damage. The gnoll barely misses you.
The gnoll hits you with a +0 whip. You block the iguana's attack.
You barely miss the iguana.
The iguana is lightly wounded.
You block the gnoll's attack. The gnoll completely misses you.
The gnoll hits you from afar with a +0 halberd.
* * * LOW HITPOINT WARNING * * *
The iguana bites you.
* * * LOW HITPOINT WARNING * * *
The gnoll completely misses you. You furiously retaliate!
You headbutt the gnoll!
The gnoll hits you from afar with a +0 halberd.
* * * LOW HITPOINT WARNING * * *
The gnoll hits you with a +0 halberd!
* * * LOW HITPOINT WARNING * * *
You barely miss the gnoll. You headbutt the gnoll.
You kill the gnoll!
The iguana bites you!
You die...

._...### #.#..#
##..#.>)... ...†...#
#.##..### #.###.##.#
..†....#####.###...#####.
#.#
.⌠.._......#...........#
#.#
...................#...#
..#
..._....................
.##
...)....................
.. #
...#............g.......
####...........)@l......
#..........g.........
#...................#
##..............#####
##.....##.....##
##############


You could see an iguana (slow) and 2 gnolls.

Vanquished Creatures
  A water moccasin (D:5)
  A sky beast (D:5)
  An ice beast (D:5)
  2 ogres
  2 scorpions (D:5)
  A hound (D:5)
  An orc priest (D:3)
  A jelly (D:4)
  An iguana (D:5)
  Terence (D:3)
  A gnoll shaman (D:5)
  6 adders
  2 gnolls (D:5)
  A shadow imp (D:3)
  3 worms
  A dart slug (D:2)
  6 orcs
  10 ball pythons
  5 bats
  6 endoplasms
  5 giant cockroaches
  4 goblins
  5 hobgoblins
  4 jackals (D:2)
  4 kobolds
  3 quokkas
  2 frilled lizards
  11 rats
91 creatures vanquished.

Vanquished Creatures (others)
  2 foxfires (D:3)
  4 fungi (D:2)
  3 plants (D:2)
9 creatures vanquished.

Grand Total: 100 creatures vanquished

Notes
Turn   | Place    | Note
-------+----------+-------------------------------------------
     0 | D:1      | GigaChad the Minotaur Fighter began the quest for the Orb.
     0 | D:1      | Reached XP level 1. HP: 19/19 MP: 0/0
     6 | D:1      | Noticed a demonspawn zombie
    31 | D:1      | Noticed a minotaur zombie
   133 | D:1      | HP: 1/20 [ball python (3)]
   136 | D:1      | Reached XP level 2. HP: 2/27 MP: 1/1
  1143 | D:2      | Reached XP level 3. HP: 14/33 MP: 2/2
  1908 | D:2      | Found a faded altar of an unknown god.
  1948 | D:2      | Prayed at the altar of an unknown god.
  1948 | D:2      | Became a worshipper of Ignis, the Dying Flame
  2208 | D:3      | Reached skill level 1 in Dodging
  2208 | D:3      | Reached XP level 4. HP: 24/41 MP: 3/3
  2226 | D:3      | Found a broken altar of Ashenzari.
  2528 | D:3      | Noticed Terence
  2540 | D:3      | Killed Terence
  2615 | D:3      | Found Epyhydodd's Armour Shop.
  2630 | D:3      | Reached XP level 5. HP: 46/47 MP: 4/4
  2999 | D:4      | Found a burning altar of Makhleb.
  3301 | D:4      | Reached skill level 5 in Armour
  3509 | D:5      | Entered Level 5 of the Dungeon
  3509 | D:5      | Noticed an ogre
  3514 | D:4      | Killed an ogre
  3515 | D:4      | Reached XP level 6. HP: 55/55 MP: 5/5
  3531 | D:5      | Found Olyguj's Assorted Antiques.
  3539 | D:5      | Reached skill level 5 in Fighting
  3554 | D:5      | Bought an ancient long sword for 161 gold pieces
  3554 | D:5      | Identified the +7 long sword of Inkiuxki {freeze, +Blink}
                  | (You bought it in a shop on level 5 of the Dungeon)
  3567 | D:5      | Noticed an ice beast
  3579 | D:5      | Killed an ice beast
  3580 | D:5      | Reached skill level 5 in Long Blades
  3594 | D:5      | Reached skill level 1 in Stealth
  3594 | D:5      | Reached XP level 7. HP: 24/61 MP: 6/6
  3902 | D:5      | Reached skill level 5 in Shields
  4005 | D:5      | Found a glowing golden altar of the Shining One.
  4006 | D:5      | Found a shadowy altar of Dithmenos.
  4008 | D:5      | Found a hazy altar of Hepliaklqana.
  4008 | D:5      | Found a basalt altar of Yredelemnul.
  4008 | D:5      | Found an iron altar of Okawaru.
  4106 | D:5      | HP: 3/62 [gnoll/+0 halberd (8)]
  4107 | D:5      | Slain by an iguana

Illustrated notes

Levels and vault maps discovered:
D:1:      shiori_arrival_whats_in_store_for_you, layout_basic, glass_columns_a
D:2:      layout_basic, dreamdust_ecumenical_altar_grove
D:3:      layout_basic, ashenzari_conservatory_becter, gup_sewer_entry_glass,
          serial_shops, shop, minmay_rat_hole, uniq_terence
D:4:      layout_basic, mainiacjoe_overflow_cross_hatched
D:5:      layout_rooms, grunt_temple_overflow_open, serial_shops, shop

Skill      XL: |  1  2  3  4  5  6  7 |
---------------+----------------------+-----
Shields        | 4 5 |  5.2
Fighting       | 4 5 |  5.7
Armour         | 4 5 6 |  6.2
Long Blades    | 3 4 5 6 |  6.6
Dodging        | 1 2 |  2.6
Stealth        | 1 |  1.2

Action                   |  1- 3 |  4- 6 |  7- 9 || total
-------------------------+-------+-------+-------++-------
Melee: Long sword        |    98 |    98 |    27 ||   223
       Headbutt          |    19 |    13 |     5 ||    37
Invok: Foxfire Swarm     |       |     1 |       ||     1
  Use: Scroll            |     7 |       |       ||     7
Armor: Scale mail        |    62 |    40 |    13 ||   115
Dodge: Dodged            |    65 |    37 |    24 ||   126
Block: Buckler           |    37 |    20 |    16 ||    73

Table legend: (Time is in decaauts)
 A = Elapsed time spent in this place.
 B = Non-inter-level travel time spent in this place.
 C = Inter-level travel time spent in this place.
 D = Time resting spent in this place.
 E = Time spent auto-exploring this place.
 F = Levels seen in this place.
 G = Mean time per level.
                   A        B        C        D        E       F      G
               +--------+--------+--------+--------+--------+-----+--------+
         Total |   4163 |   4163 |      0 |    566 |   1064 |   5 |  832.6 |
       Dungeon |   4163 |   4163 |      0 |    566 |   1064 |   5 |  832.6 |
               +--------+--------+--------+--------+--------+-----+--------+

Top non-repeatable levels by time:
     D:1: 1081 daAuts
     D:2: 1014 daAuts
     D:3: 905 daAuts
     D:5: 599 daAuts
     D:4: 563 daAuts
